 Dungeon Crawl Stone Soup version 0.27-a0-1193-g8631133539 (webtiles) character file.

Game seed: 448745144567607162

11341 Sobieck the Carver (level 11, -1/72 HPs)
             Began as a Tengu Gladiator on May 26, 2021.
             Was a High Priest of Okawaru.
             Shot with an arrow by a centaur warrior (13 damage)
             ... on level 12 of the Dungeon.
             The game lasted 00:33:28 (16188 turns).

Sobieck the Carver (Tengu Gladiator)               Turns: 16188, Time: 00:33:29

Health: -1/72      AC: 12    Str: 17    XL:     11   Next: 76%
Magic:  25/25      EV: 18    Int: 11    God:    Okawaru [*****.]
Gold:   731        SH:  0    Dex: 16    Spells: 10/10 levels left

rFire    . . .     SeeInvis +   a - +3 long sword of Collusion {vorpal, Stlth+, long}
rCold    . . .     Faith    .   (no shield)
rNeg     . . .     Spirit   .   M - +0 steam dragon scales
rPois    .         Reflect  .   i - +3 crown of Dyrovepreva {rElec Int+2 SInv}
rElec    +         Harm     .   (no cloak)
rCorr    .         Rampage  .   K - +2 pair of gloves
Will     .....                  (boots unavailable)
Stlth    ++++......             (no amulet)
HPRegen  0.22/turn              k - ring of magical power
MPRegen  0.19/turn              v - ring of wizardry

@: spiked, flying quickly and evasively, quick
A: beak, talons 3, nimble flight
a: Renounce Religion, Heroism, Finesse


You were on level 12 of the Dungeon.
You worshipped Okawaru.
Okawaru was extremely pleased with you.
You visited 2 branches of the dungeon, and saw 13 of its levels.

You collected 731 gold pieces.


Innate Abilities, Weirdness & Mutations

You have a beak for a mouth.
You have claws for feet.
Your magical nature lets you fly swiftly and evasively.


   Skills:
 + Level 10.0 Fighting
 + Level 12.8 Long Blades
 - Level 2.0 Throwing
 - Level 4.0 Armour
 - Level 7.0 Dodging
 - Level 4.0 Stealth
 - Level 6.0 Invocations


You had 10 spell levels left.
You didn't know any spells.
Your spell library contained the following spells:

 Spells                   Type           Power      Damage    Failure   Level
 Animate Skeleton         Necr           0%         N/A       14%         1
 Apportation              Tloc           0%         N/A       14%         1
 Corona                   Hex            0%         N/A       14%         1
 Summon Small Mammal      Summ           0%         N/A       14%         1
 Ensorcelled Hibernation  Hex/Ice        0%         N/A       21%         2
 Confusing Touch          Hex            0%         N/A       38%         3
 Dazzling Flash           Conj/Hex       0%         N/A       38%         3
 Tukima's Dance           Hex            0%         N/A       38%         3
 Animate Armour           Summ/Erth      0%         N/A       77%         4
 Irradiate                Conj/Tmut      0%         3d13      98%         5
 Lee's Rapid Deconstruct  Erth           0%         3d5*      98%         5
 Summon Mana Viper        Hex/Summ       0%         N/A       98%         5
 Blade Hands              Tmut           0%         N/A       100%        6
 Iron Shot                Conj/Erth      0%         9d1       100%        6
 Statue Form              Tmut/Erth      0%         N/A       100%        6
 Dragon Form              Tmut           0%         N/A       100%        7

Inventory:

Hand Weapons
 a - the +3 long sword of Collusion (weapon) {vorpal, Stlth+, long}
   (You found it on level 9 of the Dungeon)

   It inflicts extra damage upon your enemies.
   It makes you more stealthy.
 b - a +0 longbow {bow}
   (You found it on level 6 of the Dungeon)
 P - the +8 dagger "Seblef" {chaos, rElec rC+ SInv Stlth+, short}
   (You found it on level 4 of the Dungeon)

   Each time it hits an enemy it has a different, random effect.
   It protects you from cold.
   It insulates you from electricity.
   It lets you see invisible.
   It makes you more stealthy.
 X - a +0 scimitar of flaming {long}
   (You took it off Erica on level 11 of the Dungeon)
Missiles
 d - 4 throwing nets {=f!fthrowing}
 g - 281 stones {throwing}
 h - 46 poisoned darts {throwing}
 m - 63 bolts
 n - 21 sling bullets
 o - 3 datura-tipped darts {throwing}
 q - 162 arrows
 R - 19 boomerangs (quivered) {throwing}
Armour
 c - a +0 hat
 i - the +3 crown of Dyrovepreva (worn) {rElec Int+2 SInv}
   (You found it on level 10 of the Dungeon)

   It affects your intelligence (+2).
   It insulates you from electricity.
   It lets you see invisible.
 p - a +2 animal skin
   (You took it off Robin on level 2 of the Dungeon)
 y - a +0 leather armour
 E - a +0 chain mail
   (You took it off a kobold on level 4 of the Dungeon)
 I - a +1 ring mail of fire resistance
   (You took it off Edmund on level 5 of the Dungeon)
 K - a +2 pair of gloves (worn)
   (You found it on level 6 of the Dungeon)
 M - +0 steam dragon scales (worn)
   (You took it off Maggie on level 6 of the Dungeon)
 Y - a +0 robe
   (You took it off a wight on level 7 of the Dungeon)
Jewellery
 k - a ring of magical power (left hand)
   (You found it on level 4 of the Dungeon)
 v - a ring of wizardry (right hand)
   (You found it on level 4 of the Dungeon)
 Q - a ring of wizardry
   (You found it on level 7 of the Dungeon)
 U - a ring of flight
   (You found it on level 7 of the Dungeon)
Wands
 t - a wand of flame (34)
   (You found it on level 3 of the Dungeon)
 u - a wand of charming (6)
   (You found it on level 3 of the Dungeon)
 W - a wand of mindburst (17)
   (You found it on level 8 of the Dungeon)
Scrolls
 r - 2 scrolls of fog
 x - 4 scrolls of immolation {!r!r}
 A - a scroll of noise {!r}
 B - 3 scrolls of identify {@r1}
 D - a scroll of amnesia
 S - a scroll of blinking {!r}
 T - 2 scrolls of teleportation {@r4}
 V - a scroll of fear
 Z - a scroll of enchant armour
Potions
 e - 7 potions of curing {@q1}
 f - 2 potions of invisibility
 j - 3 potions of ambrosia
 l - 3 potions of brilliance
 s - 4 potions of flight
 w - 5 potions of mutation {!q}
 F - 3 potions of haste {@q3}
 G - 2 potions of degeneration {!q@e2}
 J - 3 potions of attraction {!q}
 L - a potion of might
 O - 3 potions of cancellation {unknown}

Dungeon Overview and Level Annotations

Branches:
Dungeon (12/15)            Temple (1/1) D:4            Lair (0/6) D:10
    Orc (0/2) D:11

Altars:
Ashenzari
Cheibriados
Dithmenos
Elyvilon
Fedhas
Gozag
Hepliaklqana
Kikubaaqudgha
Makhleb
Nemelex Xobeh
Okawaru
Qazlal
Ru
Sif Muna
Trog
Uskayaw
Vehumet
Wu Jian
Xom
Yredelemnul
Zin
The Shining One

Portals:
Trove: D:11 (give +3 gold dragon scales)

Annotations:
D:7 exclusion: downstairs
D:9 exclusion: 2 downstairs

............(
.##..#
.#........<.....
......
.#.......PP†....
......
...##..#.PP≈P...
......##.^.
#..≈P≈P≈PP..
#.........
..P≈♣≈♣P≈≈†.
.......H.
..P≈♣♣♣♣♣♣≈≈.
........# ..P≈
♣≈P. ...c.c.@#
..P ♣P..
........# ≈≈..
.........


PP.. ....c.?.## #.... ...#..... +# ###... #..# .. #..# . . .. You could see a
centaur warrior, a manticore and 2 centaurs.


Message History

Drop what? 52/52 slots (_ for help) (? for menu, Esc to quit)
You drop a +2 spear {polearm}.
You drop a +1 whip of electrocution {mace}.
You drop a +1 spear {polearm}.
You drop a +4 trident {polearm}.
You drop a +3 long sword {long}.
o - 3 datura-tipped darts {throwing}
Items here: ))))).
Found a stone staircase leading up.
Things that are here:
a +0 giant club {mace}; a +0 giant club {mace} You now have 731 gold pieces (gained 13).
There is a stone staircase leading up here.
Found a stone staircase leading down.
(D) Dungeon (T) Temple (L) Lair (O) Orcish Mines
Where to? (Enter - D:12, ? - help)
Found a stone staircase leading down.
There is a stone staircase leading down here.
You fly downwards.
You feel a wave of frost pass over you.
There is an entrance to an ice cave on this level.
Hurry and find it before the portal melts!
The walls and floor vibrate strangely for a moment. 2 vampire mosquitoes come into view.
Found 30 sling bullets.
Found an escape hatch in the ceiling.
There is a stone staircase leading up here.
The helpless vampire mosquito fails to defend itself.
You hit the vampire mosquito.
The vampire mosquito bites you but does no damage.
You slash the vampire mosquito! Your kick misses the vampire mosquito.
The vampire mosquito closely misses you.
The vampire mosquito barely misses you.
You closely miss the vampire mosquito. Your kick misses the vampire mosquito.
The vampire mosquito barely misses you.
You slash the vampire mosquito! The vampire mosquito bites you.
The vampire mosquito draws strength from your injuries!
The vampire mosquito misses you. 😕 HP[-3]
You take 3 damage, and now have 69/72 hp.
You hit the vampire mosquito.
You destroy the vampire mosquito!
Okawaru accepts your kill.
Training target 6.0 for Invocations reached!
Your Invocations skill increases to level 6!
You see here a vampire mosquito corpse. 😕 HP[+1]
The helpless vampire mosquito fails to defend itself.
You slice the vampire mosquito!! Your kick misses the vampire mosquito.
The vampire mosquito misses you.
You closely miss the vampire mosquito. The vampire mosquito misses you.
The vampire mosquito bites you!
The vampire mosquito draws strength from your injuries! 😕 HP[-9]
You take 9 damage, and now have 61/72 hp.
You slash the vampire mosquito!
You destroy the vampire mosquito!
Okawaru accepts your kill.
No target in view!
(D) Dungeon (T) Temple (L) Lair (O) Orcish Mines
Where to? (Enter - D:12, ? - help)
There is a stone staircase leading up here.
You fly upwards.
There is a stone staircase leading down here. 😕 HP[+2]
You regained 2 hp, and now have 63/72 hp.
You see here a ring of flight.
Done exploring. 😎 HP[+9]
Your hp is fully restored (72).
You see here a ring of flight.
There is a stone staircase leading down here.
There is a stone staircase leading down here.
You fly downwards.
A manticore, 2 centaurs and a centaur warrior come into view.
There is a stone staircase leading up here.
Unknown command.
The centaur warrior wields a +0 shortbow.
The centaur warrior shoots an arrow.
The arrow hits you!
The centaur warrior shoots an arrow.
The arrow hits you.
The centaur shouts! 😕 HP[-15]
You take 15 damage, and now have 57/72 hp.
MASSIVE DAMAGE!! (PAUSE)
The centaur shouts!
The centaur wields a +0 shortbow.
The centaur shoots an arrow.
The arrow closely misses you.
The centaur wields a +0 shortbow.
The centaur shoots an arrow.
The arrow hits you!
The centaur warrior shoots an arrow.
The arrow hits you! 😮 HP[-19]
You take 19 damage, and now have 38/72 hp.
MASSIVE DAMAGE!! (PAUSE)
The centaur warrior shoots an arrow.
The arrow hits you.
* * * LOW HITPOINT WARNING * * *
The manticore flicks its tail.
The volley of spikes hits you!!
The barbed spikes become lodged in your body.
* * * LOW HITPOINT WARNING * * *
The centaur shoots an arrow.
The arrow hits you.
* * * LOW HITPOINT WARNING * * *
The centaur warrior shoots an arrow.
The arrow hits you!
You die...

Skill      XL: |  1  2  3  4  5  6  7  8  9 10 11 |
---------------+----------------------------------+-----
Long Blades    | 4 5 6 7 9 10 11 12 | 12.8
Fighting       | 3 4 5 6 8 10 | 10.0
Invocations    | 1 3 4 6 |  6.0
Armour         | 3 4 |  4.0
Stealth        | 3 4 |  4.0
Dodging        | 5 7 |  7.0
Throwing       | |  2.0

Action                   |  1- 3 |  4- 6 |  7- 9 | 10-12 || total
-------------------------+-------+-------+-------+-------++-------
Melee: Long sword        |    52 |    93 |   180 |   276 ||   601
       Kick              |    13 |    34 |    84 |   103 ||   234
       Peck              |     9 |    21 |    46 |    75 ||   151
 Fire: Longbow           |       |       |    42 |       ||    42
Throw: Stone             |     9 |    71 |    47 |       ||   127
       Dart              |       |       |     6 |     6 ||    12
       Boomerang         |       |       |       |    11 ||    11
Evoke: Wand              |       |       |     8 |       ||     8
  Use: Scroll            |       |     9 |       |    13 ||    22
 Stab: Sleeping          |     4 |     2 |       |     7 ||    13
       Distracted        |       |       |       |     1 ||     1
Armor: Leather armour    |     6 |     4 |       |       ||    10
       Animal skin       |       |    14 |     9 |       ||    23
       Ring mail         |       |       |     7 |       ||     7
       Steam dragon scal |       |       |    19 |    68 ||    87
Dodge: Dodged            |    28 |    77 |   135 |   215 ||   455
       Rpst.: Long sword |    10 |    20 |    47 |    56 ||   133

Levels and vault maps discovered:
D:1:      onia_arrival_handbag, layout_basic, shapermc_ecumenical_altar_gd
D:2:      layout_basic, basic_altar, skrybe_limestone_x, kennysheep_boxes,
          uniq_jessica, uniq_robin
D:3:      layout_loops_cross, overflow_temple_1_default
D:4:      layout_cave_pods, marbit_many_paths, minmay_temple_entry_slanted,
          st_stairs_9
D:5:      layout_basic, uniq_edmund
D:6:      layout_basic, grunt_temple_overflow_open, uniq_maggie
D:7:      layout_cave_pools, serial_column_ruins, column_ruins_temple_circle,
          column_ruins_square_huge, column_ruins_columns_straight,
          column_ruins_open_small_water, column_ruins_open_small,
          column_ruins_columns_straight, column_ruins_corridor_corner,
          column_ruins_grid_1, minivault_10
D:8:      layout_rooms, wad_woods_river_04
D:9:      layout_layer_cave
D:10:     layout_rooms, kennysheep_vampire_church,
          grunt_lair_entry_orc_guard_hut, serial_corexii_hall,
          corexii_hall_statues_i, chequers_hall_statues_corner_a,
          corexii_hall_statues_x, corexii_hall_statues_x, disabler_island
D:11:     layout_rooms, orc_0_dummy, nicolae_trove_entry_isolated,
          nicolae_benzene_ring, glass_columns_a, uniq_harold, uniq_nergalle,
          uniq_grum, uniq_erica
D:12:     layout_cave_pools, serial_bayou, serial_bayou_lake_a,
          serial_bayou_pond_c, serial_bayou_lagoon_a, serial_bayou_pond_e,
          serial_bayou_pond_d, portal_ice_cave_demonic_guard, minivault_28
Temple:   nicolae_temple_x_marks_the_god

Notes
Turn   | Place    | Note
-------+----------+-------------------------------------------
     0 | D:1      | Sobieck the Tengu Gladiator began the quest for the Orb.
     0 | D:1      | Reached XP level 1. HP: 12/12 MP: 2/2
     0 | D:1      | magus.rc [v1.9.6]
   137 | D:1      | Reached XP level 2. HP: 12/18 MP: 3/3
   592 | D:1      | Found a faded altar of an unknown god.
   605 | D:1      | Reached XP level 3. HP: 20/22 MP: 4/4
   700 | D:1      | Reached skill level 4 in Long Blades
  1144 | D:1      | Reached skill level 3 in Fighting
  1461 | D:2      | Reached XP level 4. HP: 28/28 MP: 5/5
  1508 | D:2      | Noticed Robin
  1524 | D:2      | Killed Robin
  1647 | D:2      | Found an opulent altar of Gozag.
  1682 | D:2      | Noticed Jessica
  1689 | D:2      | Killed Jessica
  2171 | D:2      | Gained mutation: Your magical nature lets you fly swiftly
                  | and evasively. [Tengu growth]
  2171 | D:2      | Reached XP level 5. HP: 31/33 MP: 6/6
  2735 | D:3      | Reached skill level 5 in Long Blades
  2819 | D:4      | Reached skill level 4 in Fighting
  3370 | D:3      | Found a glowing silver altar of Zin.
  3393 | D:3      | Reached XP level 6. HP: 39/39 MP: 7/7
  3538 | D:4      | Found a staircase to the Ecumenical Temple.
  3548 | Temple   | Entered the Ecumenical Temple
  3600 | Temple   | Became a worshipper of Warmaster Okawaru
  3650 | D:4      | Noticed a sky beast
  3755 | D:4      | Killed a sky beast
  3756 | D:4      | Reached skill level 1 in Invocations
  4012 | D:4      | Found a broken altar of Ashenzari.
  4064 | D:4      | Identified the +8 dagger "Seblef" {chaos, rElec rC+ SInv
                  | Stlth+}
  4088 | D:5      | Entered Level 5 of the Dungeon
  4967 | D:5      | Reached skill level 6 in Long Blades
  5047 | D:5      | Reached skill level 5 in Fighting
  5099 | D:5      | Reached XP level 7. HP: 37/44 MP: 9/9
  5207 | D:5      | Reached skill level 2 in Invocations
  5213 | D:5      | HP: 8/44 [shadow imp/nerve-wracking pain (7)]
  5473 | D:4      | HP: 3/44 [ice beast (13)]
  5572 | D:4      | Reached * piety under Okawaru
  5573 | D:4      | magus.rc [v1.9.6]
  6360 | D:5      | Reached skill level 3 in Invocations
  6530 | D:5      | Noticed Edmund
  6660 | D:5      | Killed Edmund
  6661 | D:5      | Reached skill level 6 in Fighting
  6661 | D:5      | Reached skill level 7 in Long Blades
  6661 | D:5      | Reached XP level 8. HP: 35/51 MP: 11/11
  7132 | D:6      | Reached ** piety under Okawaru
  7133 | D:6      | Reached skill level 4 in Invocations
  7235 | D:6      | Reached skill level 8 in Long Blades
  7669 | D:6      | Noticed Maggie
  7702 | D:6      | Killed Maggie
  7703 | D:6      | Reached skill level 9 in Long Blades
  7894 | D:6      | Found a sparkling altar of Nemelex Xobeh.
  7903 | D:6      | Found a shadowy altar of Dithmenos.
  7903 | D:6      | Found a sacrificial altar of Ru.
  8087 | D:6      | Reached XP level 9. HP: 55/55 MP: 13/13
  8181 | D:6      | Reached skill level 10 in Long Blades
  8838 | D:7      | Reached skill level 1 in Armour
  8838 | D:7      | Reached skill level 1 in Stealth
  8879 | D:7      | You pick up a book of Cantrips and begin reading...
  8879 | D:7      | You add the spells Corona, Animate Skeleton, Summon Small
                  | Mammal and Apportation to your library.
  9337 | D:7      | Reached skill level 2 in Armour
  9337 | D:7      | Reached skill level 4 in Dodging
  9337 | D:7      | Reached skill level 2 in Stealth
  9355 | D:7      | You pick up a book of Maledictions and begin reading...
  9355 | D:7      | You add the spells Ensorcelled Hibernation, Confusing
                  | Touch, Tukima's Dance and Dazzling Flash to your library.
  9573 | D:7      | Found a faded altar of an unknown god.
  9586 | D:7      | Reached *** piety under Okawaru
  9818 | D:8      | You pick up a book of Transfigurations {@e2} and begin
                  | reading...
  9818 | D:8      | You add the spells Irradiate, Statue Form, Blade Hands and
                  | Dragon Form to your library.
 10479 | D:8      | Reached skill level 3 in Armour
 10479 | D:8      | Reached skill level 3 in Stealth
 10493 | D:8      | Reached skill level 5 in Dodging
 10493 | D:8      | Reached XP level 10. HP: 30/61 MP: 14/14
 10504 | D:8      | Reached skill level 7 in Fighting
 11060 | D:8      | Reached skill level 4 in Armour
 11472 | D:9      | Reached skill level 4 in Stealth
 11819 | D:9      | Reached **** piety under Okawaru
 11939 | D:9      | Identified the Handbook of the Dusty Entourage
 11940 | D:9      | You add the spells Animate Armour, Lee's Rapid
                  | Deconstruction, Summon Mana Viper and Iron Shot to your
                  | library.
 11947 | D:10     | Entered Level 10 of the Dungeon
 11984 | D:9      | Identified the +3 long sword of Collusion {vorpal, Stlth+}
 12918 | D:9      | Reached skill level 11 in Long Blades
 13059 | D:10     | Found the +3 crown of Dyrovepreva {rElec Int+2 SInv}
 13075 | D:10     | Reached skill level 6 in Dodging
 13506 | D:10     | Reached skill level 8 in Fighting
 13738 | D:10     | Found a staircase to the Lair.
 13749 | D:10     | Received a gift from Okawaru
 14159 | D:10     | Found an ancient bone altar of Kikubaaqudgha.
 14319 | D:10     | Reached skill level 7 in Dodging
 14555 | D:11     | Noticed Nergalle
 14578 | D:11     | Killed Nergalle
 14578 | D:11     | Reached ***** piety under Okawaru
 14629 | D:11     | Reached XP level 11. HP: 69/69 MP: 15/15
 14632 | D:11     | Found a portal to a secret trove of treasure.
 14638 | D:11     | Reached skill level 9 in Fighting
 14638 | D:11     | Reached skill level 12 in Long Blades
 14782 | D:11     | Found a staircase to the Orcish Mines.
 14782 | D:11     | Noticed Erica
 14782 | D:11     | Noticed a manticore
 14801 | D:11     | Killed Erica
 14886 | D:11     | Killed a manticore
 14887 | D:11     | Reached skill level 5 in Invocations
 15171 | D:11     | Noticed Harold
 15223 | D:11     | Noticed Grum
 15234 | D:11     | Killed Grum
 15453 | D:11     | This trove needs +3 gold dragon scales to function. Give it
                  | the item?
 15584 | D:11     | HP: 4/72 [Harold/+0 halberd (21)]
 15585 | D:11     | Killed Harold
 15934 | D:11     | Noticed a two-headed ogre
 15940 | D:11     | Killed a two-headed ogre
 15940 | D:11     | Received a gift from Okawaru
 15941 | D:11     | Reached skill level 10 in Fighting
 15982 | D:12     | Reached skill level 6 in Invocations
 16185 | D:12     | Noticed a manticore
 16185 | D:12     | Noticed a centaur warrior
 16188 | D:12     | HP: 15/72 [manticore/volley of spikes (18)]
 16188 | D:12     | Shot with an arrow by a centaur warrior

Vanquished Creatures
  Harold (D:11)
  Erica (D:11)
  A two-headed ogre (D:11)
  Nergalle (D:11)
  A manticore (D:11)
  An unseen horror (D:12)
  Maggie (D:6)
  A wyvern (D:11)
  A shadow (D:11)
  A basilisk (D:10)
  6 yaks
  A steam dragon (D:6)
  5 vampire mosquitoes
  Grum (D:11)
  Edmund (D:5)
  2 water moccasins
  4 ice beasts
  3 orc warriors
  A hornet zombie (D:7)
  2 sky beasts
  2 wolves (D:11)
  An ogre (D:7)
  3 centaurs
  2 kobold brigands (D:8)
  A gnoll sergeant (D:11)
  2 bullfrogs
  A scorpion (D:10)
  A wyvern skeleton (D:7)
  22 killer bees
  4 wights
  2 electric eels (D:10)
  4 howler monkeys
  8 centaur zombies
  2 jellies
  An orc priest (D:9)
  A centaur skeleton (D:4)
  2 hounds
  2 bullfrog skeletons
  2 iguanas
  Jessica (D:2)
  7 orc wizards
  A killer bee zombie (D:8)
  Robin (D:2)
  6 gnolls
  A howler monkey zombie (D:8)
  4 adders
  2 shadow imps
  An ufetubus (D:5)
  4 dart slugs
  22 orcs
  3 bats
  4 bat skeletons (D:10)
  A bat zombie (D:10)
  8 endoplasms
  3 giant cockroaches
  12 goblins
  9 hobgoblins
  11 jackals
  16 kobolds
  A quokka (D:1)
  2 ball pythons
  4 frilled lizards
  4 rats (D:1)
227 creatures vanquished.

Vanquished Creatures (others)
  15 fungi (D:10)
  22 plants
37 creatures vanquished.

Grand Total: 264 creatures vanquished

Table legend:
 A = Non-vault XP
 B = Vault XP
 C = Vault XP percentage of total XP
 D = Non-vault monster count
 E = Vault monster count
 F = Vault count percentage of total count
                 A         B        C        D         E       F
            +---------+---------+-------+---------+---------+-------
      Total |   11419 |    4783 |  29.5 |     190 |      37 |  16.3
            +---------+---------+-------+---------+---------+-------
        D:1 |      50 |       5 |   9.1 |      25 |       4 |  13.8
        D:2 |      57 |      65 |  53.3 |      18 |       9 |  33.3
        D:3 |     113 |       0 |   0.0 |      15 |       0 |   0.0
        D:4 |     274 |     133 |  32.7 |      10 |       3 |  23.1
        D:5 |     514 |     158 |  23.5 |      15 |       1 |   6.2
        D:6 |     869 |     385 |  30.7 |      12 |       1 |   7.7
        D:7 |    1198 |       0 |   0.0 |      14 |       0 |   0.0
        D:8 |    1495 |       0 |   0.0 |      28 |       0 |   0.0
        D:9 |     926 |      88 |   8.7 |      23 |       1 |   4.2
       D:10 |    1244 |     840 |  40.3 |      14 |      12 |  46.2
       D:11 |    3948 |    3109 |  44.1 |      13 |       6 |  31.6
       D:12 |     731 |       0 |   0.0 |       3 |       0 |   0.0
            +---------+---------+-------+---------+---------+-------

Illustrated notes

Table legend:
 A = Kills in this place as a percentage of kills in entire the game.
 B = Kills by you in this place as a percentage of kills by you in the entire game.
 C = Kills by friends in this place as a percentage of kills by friends in the entire game.
 D = Other kills in this place as a percentage of other kills in the entire game.
 E = Experience gained in this place as a percentage of experience gained in the entire game.
 F = Experience gained in this place divided by the number of levels of this place that you have seen.
                   A       B       C       D       E      F
               +-------+-------+-------+-------+-------+----------------------
         Total | 100.0 | 100.0 |   N/A |   N/A | 100.0 | 1246.3
       Dungeon | 100.0 | 100.0 |   N/A |   N/A | 100.0 | 1350.2
               +-------+-------+-------+-------+-------+----------------------

Table legend: (Time is in decaauts)
 A = Elapsed time spent in this place.
 B = Non-inter-level travel time spent in this place.
 C = Inter-level travel time spent in this place.
 D = Time resting spent in this place.
 E = Time spent auto-exploring this place.
 F = Levels seen in this place.
 G = Mean time per level.
                   A        B        C        D        E       F      G
               +--------+--------+--------+--------+--------+-----+--------+
         Total |  15447 |  14559 |    888 |   3898 |   8360 |  13 | 1188.2 |
       Dungeon |  15394 |  14511 |    883 |   3898 |   8360 |  12 | 1282.8 |
        Temple |     53 |     48 |      5 |      0 |      0 |   1 |   53.0 |
               +--------+--------+--------+--------+--------+-----+--------+

Top non-repeatable levels by time:
     D:4: 2048 daAuts
     D:9: 1686 daAuts
     D:5: 1623 daAuts
    D:11: 1553 daAuts
     D:6: 1379 daAuts
     D:7: 1339 daAuts
     D:1: 1322 daAuts
     D:2: 1203 daAuts
    D:10: 1188 daAuts
     D:8: 1175 daAuts
     D:3: 847 daAuts
  Temple: 53 daAuts
    D:12: 28 daAuts
